[Event "Team 45 45 League T47"]
[Site "Internet Chess Club"]
[Date "2010.12.02"]
[Round "5"]
[White "CameronD"]
[Black "CheeryCherry"]
[Result "1-0"]
[WhiteElo "1701"]
[BlackElo "1489"]
[Opening "Queen's pawn, Mason variation"]
[ECO "D00"]
[Time "19:01:21"]
[TimeControl "2700+45"]

1. d4 d5 2. Bf4 e6 3. e3 Nf6 4. Nd2 Be7 5. Bd3 Nc6 6. c3 Bd6 7. Bxd6 Qxd6 8.
Ngf3 e5 9. dxe5 Nxe5 10. Nxe5 Qxe5 11. O-O O-O 12. Qc2 c6 13. e4 Qh5 14. Rfe1
Be6 15. Re3 h6 16. f4 dxe4 17. Nxe4 Nd5 18. Rf3 b6 19. Raf1 f5 20. Rh3 Qf7 21.
Nd6 Qd7 22. Nc4 Qc7 23. Qf2 Nf6 24. Ne5 Ng4 25. Nxg4 fxg4 26. Re3 Bf5 27. Bxf5
Rxf5 28. g3 Rd8 29. Qe2 h5 30. Re8+ Rxe8 31. Qxe8+ Kh7 32. Rd1 Rf7 33. Qe4+ g6
34. Kf2 a5 35. Rd4 b5 36. Qd3 Qb6 37. Kg2 Qb7 38. Rd6 c5+ 39. Kf2 Rg7 40. Rd5 c4
41. Rxh5+ Kg8 42. Qd5+ Kf8 43. Rh8+ Ke7 44. Qxb7+ {Black resigns} 1-0

[Event "Team 45 45 League T47"]
[Site "Internet Chess Club"]
[Date "2010.12.06"]
[Round "5"]
[White "GreatBendini"]
[Black "Despair"]
[Result "1-0"]
[WhiteElo "1880"]
[BlackElo "1932"]
[Opening "Alekhine's defense: exchange variation"]
[ECO "B02"]
[Time "22:01:44"]
[TimeControl "2700+45"]

1. e4 Nf6 2. e5 Nd5 3. c4 Nb6 4. d4 d6 5. exd6 exd6 6. Nf3 Bf5 7. Bd3 Bxd3 8.
Qxd3 Be7 9. O-O O-O 10. Nc3 Nc6 11. b3 Re8 12. Bb2 Nb4 13. Qd2 Bf6 14. a3 Nc6
15. Rfe1 a5 16. a4 Rxe1+ 17. Rxe1 Nb4 18. Ba3 c5 19. Ne4 Be7 20. Ng3 d5 21. Nf5
Bf8 22. Bxb4 axb4 23. dxc5 Bxc5 24. cxd5 Qxd5 25. Qg5 g6 26. Ne7+ Bxe7 27. Qxe7
Qd7 28. Qxb4 Nd5 29. Qd4 f6 30. Rd1 Rd8 31. Qc4 Kg7 32. h3 Qc6 33. Qxc6 bxc6 34.
Nd4 Rd6 35. Nxc6 Rxc6 36. Rxd5 Rb6 37. Rb5 Ra6 38. a5 Kf7 39. b4 Ke7 40. Rb7+
Kd8 41. Rxh7 f5 42. Kf1 Re6 43. b5 Re5 44. a6 Rxb5 45. a7 Ra5 46. a8=Q+ {Black
resigns} 1-0

[Event "Team 45 45 League T47"]
[Site "Internet Chess Club"]
[Date "2010.12.05"]
[Round "5"]
[White "tsia68"]
[Black "Magagna"]
[Result "1-0"]
[WhiteElo "1922"]
[BlackElo "1869"]
[Opening "French: King's Indian attack"]
[ECO "C00"]
[Time "16:09:56"]
[TimeControl "2700+45"]

1. e4 e6 2. d3 d5 3. Nd2 Nf6 4. Ngf3 dxe4 5. dxe4 Be7 6. g3 Nbd7 7. Bg2 e5 8.
Qe2 O-O 9. O-O h6 10. Nc4 Bd6 11. Nxd6 cxd6 12. Rd1 Qc7 13. Nh4 Nc5 14. c4 Be6
15. Nf5 Bxf5 16. exf5 Rad8 17. Be3 Rfe8 18. b3 a6 19. g4 Nce4 20. Rac1 Qa5 21.
h4 Nc3 22. Qd2 d5 23. Qxc3 Qxc3 24. Rxc3 d4 25. Rcd3 Kh7 26. Kf1 Nxg4 27. Bc1 b5
28. Bc6 Re7 29. f3 Nf6 30. cxb5 axb5 31. Bxb5 Nd5 32. Bc4 Nb4 33. Ba3 Nxd3 34.
Bxe7 Nb2 35. Bxd8 Nxd1 36. Bxf7 d3 37. Bc4 Ne3+ 38. Ke1 {Black resigns} 1-0

[Event "Team 45 45 League T47"]
[Site "Internet Chess Club"]
[Date "2010.12.02"]
[Round "5"]
[White "Konstantinos"]
[Black "Helaman"]
[Result "1-0"]
[WhiteElo "1718"]
[BlackElo "1421"]
[Opening "Queen's gambit declined"]
[ECO "D30"]
[Time "15:30:31"]
[TimeControl "2700+45"]

1. d4 d5 2. c4 e6 3. e3 Nf6 4. a3 c5 5. dxc5 Bxc5 6. cxd5 exd5 7. Nf3 Nc6 8. Be2
O-O 9. O-O d4 10. exd4 Nxd4 11. Nxd4 Bxd4 12. Nc3 Bf5 13. Bf3 Bxc3 14. bxc3 Qc7
15. Qb3 Be4 16. c4 Bxf3 17. Qxf3 Qxc4 18. Qxb7 Rfb8 19. Qf3 Re8 20. Be3 Nd5 21.
Rfc1 Qb5 22. Rc5 Qb2 23. Rf1 Nc3 24. Rc7 f6 25. Qg4 g6 26. Qd7 Ne2+ 27. Kh1 f5
28. Qxh7+ {Black resigns} 1-0

[Event "Team 45 45 League T47"]
[Site "Internet Chess Club"]
[Date "2010.12.04"]
[Round "5"]
[White "krysto"]
[Black "Nosaj"]
[Result "1-0"]
[WhiteElo "1504"]
[BlackElo "1360"]
[Opening "Ruy Lopez: closed, Kholmov variation"]
[ECO "C92"]
[Time "11:00:20"]
[TimeControl "2700+45"]

1. e4 e5 2. Nf3 Nc6 3. Bb5 a6 4. Ba4 b5 5. Bb3 Nf6 6. O-O Be7 7. Re1 O-O 8. h3
d6 9. c3 Be6 10. d4 exd4 11. cxd4 d5 12. e5 Ne4 13. Nc3 f5 14. exf6 Bxf6 15.
Nxe4 Ne7 16. Nxf6+ Rxf6 17. Bg5 Rg6 18. Rc1 Qd7 19. Ne5 Qd6 20. Bxe7 Qxe7 21.
Nxg6 hxg6 22. Bxd5 Rf8 23. Rxe6 Qg5 24. Re5+ Kh8 25. Rxg5 Kh7 26. Rh5+ gxh5 27.
Qxh5# {Black checkmated} 1-0

[Event "Team 45 45 League T47"]
[Site "Internet Chess Club"]
[Date "2010.12.05"]
[Round "5"]
[White "zigzag2002"]
[Black "Sandia"]
[Result "1-0"]
[WhiteElo "1761"]
[BlackElo "1414"]
[Opening "Vienna gambit"]
[ECO "C29"]
[Time "19:30:11"]
[TimeControl "2700+45"]

1. e4 e5 2. Nc3 Nf6 3. f4 d6 4. Bc4 Nc6 5. d3 Bg4 6. Nge2 Be7 7. O-O Qd7 8. f5
g6 9. h3 Bxe2 10. Qxe2 Nd4 11. Qf2 h6 12. Be3 O-O-O 13. Bxf7 g5 14. Bxd4 Kb8 15.
Bxa7+ Ka8 16. Nd5 g4 17. Be6 gxh3 18. Bxd7 Rxd7 19. gxh3 Rg8+ 20. Kh2 Nh5 21. f6
Rf8 22. Qh4 Bxf6 23. Nxf6 Nxf6 24. Qxh6 Rh7 25. Qxf8+ {Black resigns} 1-0

[Event "Team 45 45 League T47"]
[Site "Internet Chess Club"]
[Date "2010.12.04"]
[Round "5"]
[White "Elalfer"]
[Black "tyler66"]
[Result "0-1"]
[WhiteElo "1347"]
[BlackElo "1424"]
[Opening "QGD Slav: 4.Nc3"]
[ECO "D15"]
[Time "09:00:41"]
[TimeControl "2700+45"]

1. d4 d5 2. c4 c6 3. Nf3 Nf6 4. Nc3 Bg4 5. e3 Nbd7 6. Bd3 e5 7. cxd5 cxd5 8. Be2
e4 9. Nh4 Bxe2 10. Qxe2 Bb4 11. Bd2 O-O 12. Qb5 Bxc3 13. Bxc3 Nb6 14. Rc1 Rc8
15. h3 Nfd7 16. g3 Rc7 17. O-O Nf6 18. Ba5 Nfd7 19. Rxc7 Qxc7 20. Qxd5 Nxd5 21.
Bxc7 Nxc7 22. Rc1 Rc8 23. d5 Nb6 24. d6 Ne6 25. Rxc8+ Nxc8 26. d7 Nb6 27. Nf5
Nxd7 28. Kf1 Kf8 29. Ke2 g6 30. Nd4 Nxd4+ 31. exd4 f5 32. h4 Ke7 33. Ke3 Ke6 34.
Kf4 Kd5 35. Kg5 Kxd4 36. Kh6 Nf6 37. Kg7 Ke5 38. Kh6 b5 39. Kg5 a5 40. b3 a4 41.
bxa4 bxa4 42. a3 Ke6 43. Kh6 Kf7 44. Kg5 Kg7 45. Kf4 Nd5+ 46. Ke5 Nc3 47. Kd4
Nb1 48. Kc4 Nxa3+ 49. Kb4 Nb5 50. Kxa4 Nc3+ 51. Kb3 Nd1 52. Kc2 Nxf2 53. Kd2 Kf6
54. Ke2 Nh1 55. Kf1 {White resigns} 0-1

[Event "Team 45 45 League T47"]
[Site "Internet Chess Club"]
[Date "2010.12.04"]
[Round "5"]
[White "joshq03"]
[Black "Traho"]
[Result "1-0"]
[WhiteElo "1353"]
[BlackElo "1233"]
[Opening "Giuoco Pianissimo"]
[ECO "C50"]
[Time "19:01:53"]
[TimeControl "2700+45"]

1. e4 e5 2. Nf3 Nc6 3. Bc4 Bc5 4. d3 Na5 5. Bb3 Nxb3 6. axb3 f6 7. O-O d5 8. Nc3
d4 9. Na4 Bd6 10. c3 b5 11. cxd4 bxa4 12. dxe5 Be7 13. exf6 Bxf6 14. Rxa4 Bd7
15. Ra5 Ne7 16. e5 Nc6 17. Rd5 Nb4 18. Rd4 c5 19. Rc4 Be7 20. Re1 Be6 21. Rce4
O-O 22. d4 Bf5 23. R4e3 Nd5 24. R3e2 Nb4 25. Be3 Bd3 26. Rd2 Rc8 27. dxc5 Bxc5
28. Bxc5 Rxc5 29. e6 Re8 30. Ne5 Rxe6 31. Nxd3 {Black forfeits on time} 1-0

[Event "Team 45 45 League T47"]
[Site "Internet Chess Club"]
[Date "2010.12.03"]
[Round "5"]
[White "crazyhorses"]
[Black "badmove"]
[Result "0-1"]
[WhiteElo "1544"]
[BlackElo "1705"]
[Opening "Ruy Lopez: closed, Pilnik variation"]
[ECO "C90"]
[Time "15:00:30"]
[TimeControl "2700+45"]

1. e4 e5 2. Nf3 Nc6 3. Bb5 a6 4. Ba4 Nf6 5. O-O Be7 6. Re1 b5 7. Bb3 d6 8. c3
O-O 9. d3 Na5 10. Bc2 c5 11. Nbd2 Re8 12. Nf1 Bb7 13. Ng3 Bf8 14. h3 d5 15. exd5
Qxd5 16. Bg5 Qc6 17. Ne4 Nxe4 18. dxe4 h6 19. Bc1 Rad8 20. Qe2 c4 21. Be3 Bc5
22. b4 cxb3 23. axb3 Bxe3 24. Qxe3 Qc7 25. Nh4 Nc6 26. b4 Nxb4 27. cxb4 Qxc2 28.
Nf3 Qc4 29. Rab1 Qd3 30. Qxd3 Rxd3 31. Rbd1 Bxe4 32. Rxd3 Bxd3 33. Rxe5 Kf8 34.
Rc5 Re4 35. Ne5 Bc4 36. Nc6 Re8 37. Na5 Re4 38. Nc6 Be6 39. Rc1 Bd5 40. f3 Rc4
41. Rxc4 bxc4 42. Kf2 Bxc6 {White resigns} 0-1

[Event "Team 45 45 League T47"]
[Site "Internet Chess Club"]
[Date "2010.12.03"]
[Round "5"]
[White "chicopee-ed"]
[Black "mongmong"]
[Result "0-1"]
[WhiteElo "1404"]
[BlackElo "1545"]
[Opening "French: Tarrasch, open variation"]
[ECO "C07"]
[Time "18:01:16"]
[TimeControl "2700+45"]

1. e4 e6 2. d4 d5 3. Nd2 c5 4. exd5 Qxd5 5. dxc5 Bxc5 6. Ngf3 Nf6 7. Bc4 Qd6 8.
O-O Nc6 9. Nb3 Qxd1 10. Rxd1 Bb6 11. Bb5 Bd7 12. Rf1 a6 13. Bd3 O-O 14. Bf4 Rfe8
15. Rae1 h6 16. Be3 Bc7 17. Nbd4 Rad8 18. Ne2 Nb4 19. a3 Nxd3 20. cxd3 Bb5 21.
d4 Nd5 22. a4 Bxa4 23. Nc3 Nxc3 24. bxc3 Bb5 25. Rb1 Bxf1 26. Rxb7 Ba5 27. Kxf1
Bxc3 28. Rc7 Rc8 29. Rd7 a5 30. Ne5 f6 31. Ng6 Bb4 32. Nf4 Rcd8 33. Rb7 Bd6 34.
Ra7 Bxf4 35. Bxf4 Ra8 36. Rb7 a4 37. Rb2 Red8 38. Be3 Rdb8 39. Ra2 a3 40. d5
exd5 41. Bd4 Rb4 42. Bc5 Rb2 43. Rxa3 Rxa3 44. Bxa3 Ra2 45. Bc5 Kf7 46. f4 g6
47. Bf2 f5 48. g3 h5 49. h3 Ke6 50. Ke1 Kd6 51. Kf1 Kc6 52. Kg2 d4 53. Kf3 Kd5
54. g4 Rxf2+ 55. Kxf2 Ke4 56. Ke2 Kxf4 57. Kd3 fxg4 58. hxg4 Kxg4 59. Kxd4 h4
{White resigns} 0-1

[Event "Team 45 45 League T47"]
[Site "Internet Chess Club"]
[Date "2010.12.04"]
[Round "5"]
[White "IanT"]
[Black "milesotoole"]
[Result "0-1"]
[WhiteElo "1489"]
[BlackElo "1445"]
[Opening "Latvian counter-gambit"]
[ECO "C40"]
[Time "21:40:50"]
[TimeControl "2700+45"]

1. e4 e5 2. Nf3 f5 3. exf5 e4 4. Nd4 Qf6 5. Nb3 Qxf5 6. d4 Nf6 7. Nc3 d5 8. Be3
Bd6 9. Qe2 Ng4 10. h3 Nxe3 11. Qxe3 O-O 12. Be2 Bf4 13. Bg4 Qf7 14. Qe2 Bxg4 15.
hxg4 Nd7 16. g3 Bg5 17. f4 exf3 18. Qd3 Rae8+ 19. Kf1 g6 20. Kf2 Be3+ 21. Kf1 f2
22. Nd2 Qe6 23. Nd1 Bxd2 24. Qxd2 Qe1+ 25. Qxe1 fxe1=Q+ 26. Kg2 Re2+ 27. Kh3
Qxh1# {White checkmated} 0-1

[Event "Team 45 45 League T47"]
[Site "Internet Chess Club"]
[Date "2010.12.04"]
[Round "5"]
[White "Toalla"]
[Black "Conjurer"]
[Result "1-0"]
[WhiteElo "1193"]
[BlackElo "1147"]
[Opening "Réti: King's Indian attack"]
[ECO "A05"]
[Time "16:14:09"]
[TimeControl "2700+45"]

1. Nf3 Nf6 2. g3 g6 3. Bg2 Bg7 4. d3 d5 5. O-O O-O 6. Re1 Re8 7. Nbd2 e5 8. e4
c5 9. exd5 Nxd5 10. Nc4 Bg4 11. c3 Nc6 12. Qa4 Bf5 13. Ne3 Bxd3 14. Nxe5 Nxe5
15. Nxd5 b5 16. Qd1 Kh8 17. f4 c4 18. fxe5 Bxe5 19. Bf4 f6 20. Qf3 Rc8 21. Bxe5
fxe5 22. Qf6+ Qxf6 23. Nxf6 Re6 24. Ne4 Rf8 25. Nc5 Re7 26. Rad1 Bf5 27. Be4 Kg7
28. Rd6 Bc8 29. Bd5 a6 30. Ne6+ Bxe6 31. Bxe6 a5 32. Rxe5 Kf6 33. Re4 Kg5 34.
Rd5+ Kh6 35. Rxb5 Rf6 36. Bd5 {Black resigns} 1-0

[Event "Team 45 45 League T47"]
[Site "Internet Chess Club"]
[Date "2010.12.02"]
[Round "5"]
[White "Buford-Julep"]
[Black "misuc56"]
[Result "0-1"]
[WhiteElo "1641"]
[BlackElo "1797"]
[Opening "Sicilian: Alapin's variation (2.c3)"]
[ECO "B22"]
[Time "15:04:14"]
[TimeControl "2700+45"]

1. e4 c5 2. c3 d6 3. d4 cxd4 4. cxd4 Nc6 5. Nc3 g6 6. Nf3 Bg7 7. Be3 Bd7 8. Be2
a6 9. O-O Rb8 10. Rc1 h5 11. Qd2 Nf6 12. h3 b5 13. d5 Ne5 14. Nxe5 dxe5 15. f3
O-O 16. Rfd1 Ne8 17. Bh6 Kh7 18. Bxg7 Kxg7 19. Qg5 f6 20. Qe3 Qa5 21. a3 b4 22.
Qa7 Qb6+ 23. Qxb6 Rxb6 24. Na4 Bxa4 {White resigns} 0-1

[Event "Team 45 45 League T47"]
[Site "Internet Chess Club"]
[Date "2010.12.05"]
[Round "5"]
[White "Packerfan"]
[Black "LPH-9"]
[Result "1-0"]
[WhiteElo "1725"]
[BlackElo "1386"]
[Opening "Evans gambit declined"]
[ECO "C51"]
[Time "16:45:21"]
[TimeControl "2700+45"]

1. e4 e5 2. Nf3 Nc6 3. Bc4 Bc5 4. b4 Be7 5. c3 Nf6 6. d3 O-O 7. O-O d5 8. exd5
Nxd5 9. h3 f5 10. Re1 Bf6 11. Qe2 e4 12. dxe4 Kh8 13. exd5 Nxb4 14. Bb2 f4 15.
cxb4 Bxb2 16. Qxb2 Bf5 17. Nc3 Qf6 18. Rad1 Bxh3 19. gxh3 Qg6+ 20. Kh2 Qf5 21.
Re5 Qd7 22. Rde1 h6 23. Re7 Qf5 24. Nb5 Rg8 25. Nxc7 Raf8 26. Qe2 h5 27. d6 g5
28. Bxg8 g4 29. Qe5+ Kxg8 30. Qg7# {Black checkmated} 1-0

[Event "Team 45 45 League T47"]
[Site "Internet Chess Club"]
[Date "2010.12.04"]
[Round "5"]
[White "BishopMike"]
[Black "xt"]
[Result "0-1"]
[WhiteElo "1406"]
[BlackElo "1467"]
[Opening "Sicilian defense"]
[ECO "B30"]
[Time "13:01:08"]
[TimeControl "2700+45"]

1. e4 c5 2. Nf3 Nc6 3. Bc4 e6 4. d4 cxd4 5. Nxd4 Nf6 6. Nc3 a6 7. O-O Qb6 8. Nf3
Bb4 9. Bd2 Bxc3 10. Bxc3 Nxe4 11. Bxg7 Rg8 12. Bh6 Qxb2 13. Rb1 Qf6 14. Bf4 Qxf4
15. Qd3 Qg4 16. g3 d5 17. Bb3 h5 18. h4 Bd7 19. c4 Nxg3 {White resigns} 0-1

[Event "Team 45 45 League T47"]
[Site "Internet Chess Club"]
[Date "2010.12.06"]
[Round "5"]
[White "CKNIGHT3"]
[Black "TheronUAL"]
[Result "1-0"]
[WhiteElo "1557"]
[BlackElo "1429"]
[Opening "QGD Slav: Dutch variation"]
[ECO "D18"]
[Time "19:00:40"]
[TimeControl "2700+45"]

1. d4 d5 2. c4 c6 3. Nf3 Nf6 4. Nc3 dxc4 5. a4 Bf5 6. e3 e6 7. Bxc4 Bb4 8. O-O
O-O 9. Bd2 Nbd7 10. Re1 Nb6 11. Bb3 Re8 12. a5 Nbd7 13. Ne2 Bxd2 14. Qxd2 Be4
15. Ng5 Bd5 16. Bxd5 cxd5 17. Nc3 a6 18. e4 h6 19. Nf3 Nxe4 20. Nxe4 dxe4 21.
Rxe4 Nf6 22. Ree1 Nd5 23. Rac1 Qd6 24. Ne5 Qb4 25. Qxb4 Nxb4 26. Rc7 Nd3 27.
Nxd3 Red8 28. Ne5 Rxd4 29. Rxf7 Rad8 30. Rxb7 Rd1 31. Kf1 R1d2 32. b4 Rb2 33.
Nf3 Rd3 34. Rxe6 Ra3 35. Re2 Ra1+ 36. Ne1 Rbb1 37. Ree7 Ra2 38. Rxg7+ Kf8 39.
Rgc7 Rbb2 40. Rb8# {Black checkmated} 1-0

[Event "Team 45 45 League T47"]
[Site "Internet Chess Club"]
[Date "2010.12.05"]
[Round "5"]
[White "randallsr"]
[Black "acejackace"]
[Result "1/2-1/2"]
[WhiteElo "1752"]
[BlackElo "1416"]
[Opening "English opening"]
[ECO "A05"]
[Time "14:02:08"]
[TimeControl "2700+45"]

1. Nf3 Nf6 2. c4 g6 3. b3 Bg7 4. Bb2 d6 5. g3 Nbd7 6. Bg2 O-O 7. O-O c6 8. d3 e5
9. Nbd2 Re8 10. Ne4 Nxe4 11. dxe4 Qe7 12. Ba3 Nc5 13. Bxc5 dxc5 14. Qc2 f5 15.
Nd2 f4 16. Rad1 fxg3 17. hxg3 Be6 18. Nf3 Rad8 19. Rxd8 Rxd8 20. Rd1 Bf7 21. Rd3
h6 22. Qd1 Rxd3 23. Qxd3 g5 24. Nh2 h5 25. Nf1 g4 26. Ne3 Be6 27. Nf5 Bxf5 28.
exf5 Bh6 29. Be4 Kf7 30. f6 Kxf6 31. Bg6 Qe6 32. Bxh5 Kg5 33. Bxg4 Qxg4 34. Qe3+
Kg6 35. Qxe5 Qf5 36. Qe8+ Qf7 37. Qxf7+ Kxf7 38. f4 Bg7 39. Kf2 Bd4+ 40. Kf3 Kg6
41. e4 b5 42. g4 a5 43. e5 a4 44. f5+ Kg5 45. Ke4 axb3 46. axb3 bxc4 47. bxc4
Bb2 48. e6 Bf6 49. Kf3 Be7 50. Ke4 Bf6 51. Kf3 Be7 52. Ke4 Bf6 53. Kf3 Be7 {Game
drawn by repetition} 1/2-1/2

[Event "Team 45 45 League T47"]
[Site "Internet Chess Club"]
[Date "2010.12.06"]
[Round "5"]
[White "redarmy44"]
[Black "Signalman"]
[Result "0-1"]
[WhiteElo "1495"]
[BlackElo "1608"]
[Opening "Philidor: Improved Hanham variation"]
[ECO "B07"]
[Time "15:03:07"]
[TimeControl "2700+45"]

1. e4 d6 2. d4 Nf6 3. Nc3 Nbd7 4. Nf3 e5 5. dxe5 Nxe5 6. Nxe5 dxe5 7. Qxd8+ Kxd8
8. Bg5 Be6 9. Rd1+ Kc8 10. Be2 Bb4 11. Bxf6 gxf6 12. a3 Bxc3+ 13. bxc3 f5 14.
exf5 Bxf5 15. Bd3 e4 16. Bc4 f6 17. Kd2 c6 18. Ke3 b5 19. Bb3 Kc7 20. Rd2 Rad8
21. Rhd1 Rxd2 22. Rxd2 a5 23. a4 Bg6 24. c4 bxc4 25. Bxc4 Rb8 26. Bb3 Rb4 27.
Rd4 Rxd4 28. Kxd4 Kd6 29. g3 c5+ 30. Kc3 f5 31. Bc4 Ke5 32. Bb3 f4 33. Kd2 Bf5
34. Kc3 Bg4 35. Bg8 h6 36. Bc4 f3 37. Kd2 Bd7 38. Bb3 c4 39. Bxc4 Bxa4 40. c3
Bc6 41. Ba2 a4 42. Ke3 Bd5 43. c4 Be6 44. h4 h5 45. Bb1 Bxc4 46. Bxe4 a3 47. Bb1
Bd5 48. Kd2 Kd4 49. g4 hxg4 50. h5 a2 51. Bxa2 Bxa2 52. h6 Bg8 {White resigns}
0-1

[Event "Team 45 45 League T47"]
[Site "Internet Chess Club"]
[Date "2010.12.04"]
[Round "5"]
[White "werty"]
[Black "Juan73"]
[Result "0-1"]
[WhiteElo "1555"]
[BlackElo "1732"]
[Opening "Queen's pawn game, Chigorin variation"]
[ECO "D02"]
[Time "08:04:56"]
[TimeControl "2700+45"]

1. d4 d5 2. Nf3 Nc6 3. e3 Nf6 4. c4 Bg4 5. Nbd2 e5 6. dxe5 Nxe5 7. Be2 Nxf3+ 8.
Bxf3 Bxf3 9. Nxf3 dxc4 10. O-O Qxd1 11. Rxd1 Bd6 12. e4 Nxe4 13. Re1 f5 14. Nd2
Bb4 15. f3 O-O-O 16. fxe4 Bxd2 17. Bxd2 Rxd2 18. exf5 Rxb2 19. Re7 c3 20. Rc1 c2
21. Re2 Rxa2 22. Rexc2 Rxc2 23. Rxc2 Rf8 24. g4 h5 25. h3 hxg4 26. hxg4 g6 27.
fxg6 Rg8 28. Rg2 Rxg6 29. Kf2 a5 30. Kf3 a4 31. Kf4 b5 32. Kf5 Rg8 33. Kf6 a3
34. g5 b4 35. Ke5 b3 {White resigns} 0-1

[Event "Team 45 45 League T47"]
[Site "Internet Chess Club"]
[Date "2010.12.05"]
[Round "5"]
[White "arriero55"]
[Black "rahulr"]
[Result "0-1"]
[WhiteElo "1436"]
[BlackElo "1582"]
[Opening "Alekhine's defense: Scandinavian variation"]
[ECO "B02"]
[Time "16:00:34"]
[TimeControl "2700+45"]

1. e4 Nf6 2. Nc3 d5 3. e5 Nfd7 4. d4 e6 5. Nf3 c5 6. Ne2 Nc6 7. c3 c4 8. g3 b5
9. Nh4 a5 10. Ng2 Nb6 11. Bd2 a4 12. a3 Na5 13. Nc1 Nb3 14. Nxb3 axb3 15. Ne3
Na4 16. Qc1 Qa5 17. Be2 Bd7 18. O-O Bc6 19. Nd1 Be7 20. Be3 Qc7 21. Qb1 Ra5 22.
f4 g6 23. Bf3 Kd7 24. Kh1 Rha8 25. g4 R8a6 26. f5 Qa7 27. fxe6+ fxe6 28. Be2 Ke8
29. g5 Nxb2 30. Nxb2 Rxa3 31. Rxa3 Rxa3 32. Bf3 Ra2 33. h4 Ba3 34. Kg1 Rxb2 35.
Rd1 Rxb1 36. Rxb1 b4 37. Bd2 Qb6 38. h5 Qa5 39. hxg6 hxg6 40. cxb4 Bxb4 41. Bc1
Ba3 42. Ra1 Qe1+ {White resigns} 0-1

[Event "Team 45 45 League T47"]
[Site "Internet Chess Club"]
[Date "2010.12.05"]
[Round "5"]
[White "ChristopherPace"]
[Black "RedAttack"]
[Result "1/2-1/2"]
[WhiteElo "2083"]
[BlackElo "2010"]
[Opening "QGD semi-Slav"]
[ECO "D43"]
[Time "11:00:16"]
[TimeControl "2700+45"]

1. d4 c6 2. c4 d5 3. Nc3 Nf6 4. Nf3 e6 5. Qc2 Bb4 6. Bf4 Ne4 7. Rc1 O-O 8. e3
Nd7 9. Bd3 f5 10. cxd5 cxd5 11. O-O Bxc3 12. bxc3 Ndf6 13. Nd2 Bd7 14. f3 Nxd2
15. Qxd2 Bc6 16. c4 Rc8 17. cxd5 Bxd5 18. Rxc8 Qxc8 19. Rc1 Qe8 20. Qa5 a6 21.
Be5 Qg6 22. Kh1 h5 23. Rc7 h4 24. h3 Qh5 25. Qe1 Rf7 26. Rc8+ Rf8 27. Rc7 Rf7
28. Rc8+ Rf8 29. Rc7 Rf7 {Game drawn by repetition} 1/2-1/2

[Event "Team 45 45 League T47"]
[Site "Internet Chess Club"]
[Date "2010.12.06"]
[Round "5"]
[White "MikeA"]
[Black "christinaa"]
[Result "1/2-1/2"]
[WhiteElo "2143"]
[BlackElo "2052"]
[Opening "Ruy Lopez (Spanish opening)"]
[ECO "C60"]
[Time "12:06:38"]
[TimeControl "2700+45"]

1. e4 e5 2. Nf3 Nc6 3. Bb5 Qf6 4. O-O Bc5 5. d3 Nge7 6. Nc3 a6 7. Bxc6 dxc6 8.
Be3 Bd6 9. Qe2 Bg4 10. h3 h5 11. hxg4 hxg4 12. Ng5 Qh6 13. f3 f6 14. Nh3 Bc5 15.
Bxc5 {Game drawn by mutual agreement} 1/2-1/2

[Event "Team 45 45 League T47"]
[Site "Internet Chess Club"]
[Date "2010.12.02"]
[Round "5"]
[White "Hathor"]
[Black "GreatPelle"]
[Result "0-1"]
[WhiteElo "1954"]
[BlackElo "2017"]
[Opening "Modern defense"]
[ECO "A40"]
[Time "14:02:19"]
[TimeControl "2700+45"]

1. d4 g6 2. Nf3 Bg7 3. Bf4 d6 4. e4 Bg4 5. Nbd2 Nc6 6. c3 e5 7. Bg5 Qxg5 8. Nxg5
Bxd1 9. Bc4 Bg4 10. Nxf7 Na5 11. Nxh8 Nxc4 12. Nxc4 exd4 13. Nxg6 hxg6 14. cxd4
Bxd4 15. f3 Be6 16. O-O-O Bc5 17. b3 a5 18. e5 d5 19. Nb2 Ne7 20. Nd3 Ba3+ 21.
Kc2 Nc6 22. h4 Bf5 23. Kd2 O-O-O 24. f4 Nb4 25. Nxb4 Bxb4+ 26. Ke3 Bg4 27. Rd3
d4+ 28. Kf2 c5 29. Rc1 b5 30. a4 bxa4 31. bxa4 Kb7 32. Rg3 Bf5 33. h5 gxh5 34.
Rg7+ Kc6 35. Rg5 Bg4 36. Kg3 d3 37. Rg6+ Kd5 {White resigns} 0-1

[Event "Team 45 45 League T47"]
[Site "Internet Chess Club"]
[Date "2010.12.04"]
[Round "5"]
[White "primerpaso"]
[Black "Egmont"]
[Result "1/2-1/2"]
[WhiteElo "1733"]
[BlackElo "1740"]
[Opening "English: Anglo-Dutch defense"]
[ECO "A10"]
[Time "10:26:26"]
[TimeControl "2700+45"]

1. c4 f5 2. Nc3 Nf6 3. g3 e6 4. Bg2 d5 5. cxd5 exd5 6. d4 c6 7. Nf3 Bd6 8. O-O
O-O 9. Bf4 Be7 10. a3 Ne4 11. Nxe4 fxe4 12. Ne5 Nd7 13. f3 Nxe5 14. Bxe5 exf3
15. exf3 Bd6 16. f4 {Game drawn by mutual agreement} 1/2-1/2

[Event "Team 45 45 League T47"]
[Site "Internet Chess Club"]
[Date "2010.12.05"]
[Round "5"]
[White "Deckfuel"]
[Black "chess92192"]
[Result "1-0"]
[WhiteElo "2019"]
[BlackElo "2016"]
[Opening "Dunst (Sleipner, Heinrichsen) opening"]
[ECO "A00"]
[Time "16:12:36"]
[TimeControl "2700+45"]

1. Nc3 d5 2. e4 e6 3. b3 Nf6 4. e5 Nfd7 5. f4 c5 6. Qg4 a6 7. Nf3 Nc6 8. Be2 b5
9. O-O Bb7 10. Bb2 h5 11. Qg3 Ne7 12. Nh4 Qc7 13. Bxb5 O-O-O 14. Be2 g6 15. Na4
Nf5 16. Nxf5 gxf5 17. d4 Be7 18. Rac1 Rdg8 19. Qf2 h4 20. Bf3 Rg7 21. Ba3 Rhg8
22. Kh1 Kd8 23. dxc5 Bc6 24. Nb6 Qb7 25. Nxd7 Kxd7 26. Qd4 Kc7 27. Bb4 Qb5 28.
a4 Qb7 29. Ba5+ Kb8 30. Rf2 Ka8 31. Ra1 Qd7 32. Be2 Kb7 33. Rd1 Ra8 34. Qb4+ Kc8
35. Rd4 Qb7 36. Bb6 f6 37. Qc3 fxe5 38. fxe5 Qb8 39. Rd3 Kb7 40. Bf3 Rg5 41. Qd4
Qe8 42. c4 dxc4 43. Bxc6+ Kxc6 44. Qxc4 Qg8 45. Qd4 Qe8 46. Rxf5 {Black resigns}
1-0

[Event "Team 45 45 League T47"]
[Site "Internet Chess Club"]
[Date "2010.12.04"]
[Round "5"]
[White "hewdondada"]
[Black "alexdb"]
[Result "0-1"]
[WhiteElo "1855"]
[BlackElo "1950"]
[Opening "Trompowsky attack (Ruth, Opocenský opening)"]
[ECO "A45"]
[Time "12:28:35"]
[TimeControl "2700+45"]

1. d4 Nf6 2. Bg5 d5 3. Bxf6 exf6 4. Nf3 c6 5. c4 dxc4 6. e3 Bb4+ 7. Nc3 Qa5 8.
Qc2 Bf5 9. e4 Be6 10. g3 Na6 11. Bg2 O-O 12. O-O Rad8 13. a3 Be7 14. Rad1 Nc7
15. Rfe1 Rfe8 16. Kh1 b5 17. Ng1 Qb6 18. d5 Bg4 19. Rd2 Bc5 20. Rf1 cxd5 21.
exd5 Bc8 22. Qd1 Bb7 23. Nh3 f5 24. Nf4 g6 25. Kg1 Bd6 26. Nfe2 a5 27. Nd4 Bc5
28. Nc6 Rd7 29. Re1 Rxe1+ 30. Qxe1 Bd6 31. Kf1 b4 32. Na4 Qb5 33. Qd1 c3+ 34.
Re2 Ba6 35. bxc3 bxa3 36. Ke1 Qxe2+ 37. Qxe2 Bxe2 38. Kxe2 a2 {White resigns}
0-1

[Event "Team 45 45 League T47"]
[Site "Internet Chess Club"]
[Date "2010.12.04"]
[Round "5"]
[White "Holzschlange"]
[Black "mugurelt"]
[Result "1-0"]
[WhiteElo "1850"]
[BlackElo "1687"]
[Opening "Robatsch (modern) defense"]
[ECO "B06"]
[Time "17:32:25"]
[TimeControl "2700+45"]

1. e4 g6 2. d4 Bg7 3. Nc3 d6 4. Bc4 Nf6 5. Qe2 Nc6 6. e5 dxe5 7. dxe5 Nd4 8.
exf6 Nxe2 9. fxg7 Rg8 10. Ngxe2 Rxg7 11. Bh6 Rg8 12. Rd1 Bd7 13. Ne4 c6 14. O-O
Qc7 15. Bf4 Qa5 16. Ng5 Be6 17. Nxe6 fxe6 18. Nd4 Rd8 19. Nxe6 Rxd1 20. Rxd1 Kf7
21. Bd2 Qe5 22. Bc3 Qb8 23. Ng5+ {Black resigns} 1-0